 Dungeon Crawl Stone Soup version 0.24-a0-613-g1ff6aac338 (webtiles) character file.

Game seed: 4871164601958487548, levelgen mode: deterministic

21950 Peloso the Carver (level 12, -1/106 HPs)
             Began as a Minotaur Fighter on Sept 10, 2019.
             Was the Champion of Okawaru.
             Slain by a six-headed hydra (3 damage)
             ... on level 12 of the Dungeon.
             The game lasted 00:26:55 (12048 turns).

Peloso the Carver (Minotaur Fighter)               Turns: 12048, Time: 00:27:00

Health: -1/106     AC: 22    Str: 24    XL:     12   Next: 58%
Magic:  7/11       EV:  6    Int:  5    God:    Okawaru [******]
Gold:   702        SH: 20    Dex: 12    Spells: 11/11 levels left

rFire    + + .     SeeInvis .   b - +8 falchion "Uvupt" {flame, rF+ rC++}
rCold    + + +     Gourm    .   c - +0 large shield "Ureh" {rC+} (curse)
rNeg     . . .     Faith    +   y - +0 plate armour
rPois    .         Spirit   .   B - +2 hat
rElec    .         Reflect  .   (no cloak)
rCorr    +         Harm     .   H - +0 pair of gloves
MR       .....                  K - +2 pair of boots {Stlth+}
Stlth    ..........             G - amulet of faith
HPRegen  0.27/turn              r - ring of resist corrosion
MPRegen  0.12/turn              s - ring of protection from fire

@: hasted, lightly drained, very quick
A: retaliatory headbutt, horns 2
a: Heroism, Finesse, Renounce Religion


You were on level 12 of the Dungeon.
You worshipped Okawaru.
Okawaru was exalted by your worship.
You were not hungry.

You visited 2 branches of the dungeon, and saw 13 of its levels.

You collected 702 gold pieces.

Inventory:

Hand Weapons
 a - a +1 vampiric double sword
 b - the +8 falchion "Uvupt" (weapon) {flame, rF+ rC++}
   (You found it on level 12 of the Dungeon)

   It has been specially enchanted to burn those struck by it, causing extra
   injury to most foes and up to half again as much damage against particularly
   susceptible opponents.
   Big, fiery blades are also staple armaments of hydra-hunters.
   It protects you from fire.
   It greatly protects you from cold.
 k - a +3 spear of flaming
Armour
 c - the cursed +0 large shield "Ureh" (worn) {rC+}
   (You found it on level 9 of the Dungeon)

   It protects you from cold.
   It has a curse placed upon it.
 y - a +0 plate armour (worn)
 B - a +2 hat (worn)
 H - a +0 pair of gloves (worn)
 K - a +2 pair of boots of stealth (worn)
Jewellery
 r - a ring of resist corrosion (left hand)
 s - a ring of protection from fire (right hand)
 z - a +4 ring of evasion {unknown}
 G - an amulet of faith (around neck)
Wands
 x - a wand of acid (17)
 F - a wand of iceblast (8)
 J - a wand of paralysis (6)
Scrolls
 d - a scroll of amnesia
 g - 2 scrolls of enchant armour
 j - 3 scrolls of fear {unknown}
 m - 4 scrolls of teleportation {unknown}
 n - 2 scrolls of silence {unknown}
 p - 4 scrolls of immolation {unknown}
 t - 3 scrolls of remove curse
 v - 2 scrolls of fog {unknown}
 w - 2 scrolls of noise {unknown}
 A - a scroll of magic mapping {unknown}
 I - a scroll of blinking {unknown}
Potions
 e - 2 potions of mutation
 h - a potion of heal wounds
 i - a potion of resistance
 l - 2 potions of cancellation {unknown}
 o - 2 potions of brilliance
 q - 2 potions of flight
 u - 3 potions of haste
 C - 6 potions of curing
 E - a potion of agility
Comestibles
 f - 22 rations


   Skills:
 + Level 10.1 Fighting
 + Level 14.4 Long Blades
 + Level 11.2 Armour
 + Level 2.9 Dodging
 + Level 1.1 Stealth
 + Level 14.1 Shields
 + Level 1.0(0.9) Invocations


You had 11 spell levels left.
You didn't know any spells.
Your spell library contained the following spells:

 Spells                   Type           Power        Failure   Level  Hunger
 Animate Skeleton         Necr           N/A          100%        1    ##.....
 Apportation              Tloc           #.....       100%        1    ##.....
 Confusing Touch          Hex            #.....       100%        1    ##.....
 Summon Small Mammal      Summ           #...         100%        1    ##.....
 Call Imp                 Summ           #.......     100%        2    ###....
 Call Canine Familiar     Summ           #.......     100%        3    ####...
 Confuse                  Hex            #.......     100%        3    ####...
 Gell's Gravitas          Tloc           #.........   100%        3    ####...
 Summon Guardian Golem    Hex/Summ       #.......     100%        3    ####...
 Petrify                  Tmut/Erth      #.......     100%        4    #####..
 Summon Ice Beast         Ice/Summ       #.......     100%        4    #####..
 Summon Lightning Spire   Summ/Air       #.......     100%        4    #####..
 Metabolic Englaciation   Hex/Ice        #.........   100%        5    ######.
 Yara's Violent Unravell  Hex/Tmut       #.........   100%        5    ######.


Dungeon Overview and Level Annotations

Branches:
Dungeon (12/15)            Temple (1/1) D:6            Lair (0/6) D:9
    Orc (0/2) D:10

Altars:
Cheibriados
Dithmenos
Elyvilon
Fedhas
Gozag
Nemelex Xobeh
Okawaru
Qazlal
Ru
Sif Muna
Trog
Wu Jian
Yredelemnul
Zin
The Shining One
Lugonu


Innate Abilities, Weirdness & Mutations

You reflexively headbutt those who attack you in melee.
You have a pair of horns on your head.


Message History

* * * LOW HITPOINT WARNING * * *
You block the six-headed hydra's attack.
The six-headed hydra bites you!
* * * LOW HITPOINT WARNING * * *
The six-headed hydra bites you but does no damage.
Okay, then.
You feel much better.
You block the six-headed hydra's attack.
The six-headed hydra bites you but does no damage.
You block the six-headed hydra's attack. x2
The six-headed hydra bites you!
* * * LOW HITPOINT WARNING * * *
You block the six-headed hydra's attack.
You feel yourself speed up.
The meliai calls down the wrath of its god upon you.
Something smites you!
* * * LOW HITPOINT WARNING * * *
You block the six-headed hydra's attack. x2
The six-headed hydra bites you.
You die...

#############################
................@Dy..........
.............######.......!y.
.............# #†(.###...
.............# #†..#
.............# #...#
.............# #...#
................ ....#
................ .....#
......#############....


You could see a six-headed hydra and a meliai.

Vanquished Creatures
  Gastronok (D:8)
  Harold (D:7)
  2 unseen horrors (D:10)
  Pikel (D:8)
  3 ugly things (D:11)
  6 trolls
  2 meliai (D:12)
  7 slime creatures
  4 hippogriffs
  A spriggan (D:8)
  A wraith (D:10)
  A basilisk (D:8)
  29 yaks
  Menkaure (D:6)
  A water moccasin (D:5)
  4 orc warriors
  4 porcupines
  3 ice beasts
  2 sky beasts
  4 black bears
  3 phantoms
  4 necrophages
  An eye of draining (D:12)
  4 ogres
  3 centaurs
  2 crocodiles (D:9)
  7 big kobolds
  8 bullfrogs
  4 gnoll sergeants
  A water moccasin zombie (D:9)
  3 scorpions
  A wyvern skeleton (D:9)
  16 wights
  19 killer bees
  3 howler monkeys
  7 jellies
  2 crimson imps
  A bullfrog zombie (D:8)
  4 hounds
  A quasit (D:8)
  2 bullfrog skeletons
  4 centaur skeletons
  A gnoll shaman (D:9)
  3 orc priests
  8 orc wizards
  Jessica (D:3)
  Natasha (thrice) (D:3)
  11 worker ants
  A hound zombie (D:9)
  A hound skeleton (D:5)
  A worker ant zombie (D:10)
  2 howler monkey skeletons
  17 gnolls
  12 adders
  2 shadow imps
  3 oozes
  2 adder zombies
  2 adder skeletons
  A worm (D:2)
  4 dart slugs
  6 leopard geckos
  33 orcs
  8 bats
  5 giant cockroaches
  4 goblins
  10 hobgoblins
  11 jackals
  5 quokkas
  A ball python (D:2)
  6 frilled lizards
  19 kobolds
  3 rats
364 creatures vanquished.

Vanquished Creatures (others)
  2 bushes (D:9)
  5 fungi (D:5)
  A plant (D:9)
  8 toadstools (D:5)
16 creatures vanquished.

Grand Total: 380 creatures vanquished

Notes
Turn   | Place    | Note
-------+----------+-------------------------------------------
     0 | D:1      | Peloso the Minotaur Fighter began the quest for the Orb.
     0 | D:1      | Reached XP level 1. HP: 19/19 MP: 0/0
   119 | D:1      | Reached XP level 2. HP: 16/27 MP: 1/1
   406 | D:1      | Reached XP level 3. HP: 26/33 MP: 2/2
  1013 | D:2      | Reached XP level 4. HP: 40/40 MP: 3/3
  1440 | D:2      | You fall into a shaft and drop 1 floor!
  1441 | D:3      | You fall into a shaft and drop 3 floors!
  1477 | D:6      | Noticed a hippogriff
  1489 | D:6      | Killed a hippogriff
  1489 | D:6      | Reached skill level 5 in Armour
  1489 | D:6      | Reached skill level 1 in Dodging
  1489 | D:6      | Reached skill level 5 in Shields
  1489 | D:6      | Reached XP level 5. HP: 32/47 MP: 4/4
  1489 | D:6      | Reached XP level 6. HP: 36/53 MP: 5/5
  1641 | D:6      | Reached skill level 5 in Long Blades
  1655 | D:5      | Entered Level 5 of the Dungeon
  1763 | D:5      | Found a glowing silver altar of Zin.
  1774 | D:5      | Reached XP level 7. HP: 34/60 MP: 6/6
  2024 | D:3      | Noticed Jessica
  2028 | D:3      | Killed Jessica
  2059 | D:3      | Noticed Natasha
  2068 | D:3      | Killed Natasha
  2086 | D:3      | Noticed Natasha
  2095 | D:3      | Killed Natasha
  2205 | D:3      | Found a basalt altar of Yredelemnul.
  2525 | D:3      | Noticed Natasha
  2534 | D:3      | Killed Natasha
  2534 | D:3      | Reached skill level 5 in Fighting
  3591 | D:5      | Reached XP level 8. HP: 68/69 MP: 7/7
  3672 | D:5      | Found a white marble altar of Elyvilon.
  3717 | D:5      | Found a shimmering blue altar of Sif Muna.
  4044 | D:5      | Found a sparkling altar of Nemelex Xobeh.
  4170 | D:5      | Noticed a slime creature
  4174 | D:5      | Noticed a slime creature
  4485 | D:5      | Killed a slime creature
  4485 | D:5      | Reached skill level 1 in Stealth
  4492 | D:5      | Killed a slime creature
  5096 | D:6      | Found a staircase to the Ecumenical Temple.
  5115 | Temple   | Entered the Ecumenical Temple
  5137 | Temple   | Became a worshipper of Warmaster Okawaru
  5161 | D:6      | Noticed Menkaure
  5169 | D:6      | Killed Menkaure
  5169 | D:6      | Reached XP level 9. HP: 33/75 MP: 8/8
  5855 | D:7      | Reached * piety under Okawaru
  6205 | D:7      | Reached skill level 10 in Long Blades
  6261 | D:7      | Found a glowing golden altar of the Shining One.
  6381 | D:7      | Found a blossoming altar of Fedhas.
  6385 | D:7      | Found a shadowy altar of Dithmenos.
  6385 | D:7      | Found a sacrificial altar of Ru.
  6685 | D:7      | Noticed Harold
  6695 | D:7      | Paralysed by Harold for 4 turns
  6707 | D:7      | Killed Harold
  6707 | D:7      | Reached ** piety under Okawaru
  6707 | D:7      | Reached XP level 10. HP: 59/86 MP: 7/9
  7222 | D:8      | Noticed Gastronok
  7240 | D:8      | Killed Gastronok
  7240 | D:8      | Reached *** piety under Okawaru
  7240 | D:8      | Reached **** piety under Okawaru
  7240 | D:8      | Reached skill level 10 in Shields
  8035 | D:8      | Found an ornate altar of the Wu Jian Council.
  8107 | D:8      | Noticed Pikel
  8124 | D:8      | Killed Pikel
  8223 | D:9      | Reached XP level 11. HP: 57/94 MP: 10/10
  8438 | D:9      | Reached skill level 10 in Armour
  8706 | D:9      | Found a staircase to the Lair.
  8761 | D:9      | Reached ***** piety under Okawaru
  9563 | D:9      | Got a crude large shield
  9569 | D:9      | Identified the cursed +0 large shield "Ureh" {rC+} (You
                  | found it on level 9 of the Dungeon)
  9594 | D:9      | Found a glowing golden altar of the Shining One.
 10112 | D:10     | Entered Level 10 of the Dungeon
 10162 | D:10     | Killed an unseen horror
 10162 | D:10     | Received a gift from Okawaru
 10620 | D:10     | Killed an unseen horror
 10620 | D:10     | Reached ****** piety under Okawaru
 10620 | D:10     | Reached XP level 12. HP: 73/104 MP: 11/11
 10688 | D:10     | Found a staircase to the Orcish Mines.
 11259 | D:11     | Found a stormy altar of Qazlal.
 11282 | D:11     | Received a gift from Okawaru
 11378 | D:11     | Reached skill level 1 in Invocations
 11459 | D:11     | Reached skill level 10 in Fighting
 11961 | D:12     | Got an ancient falchion
 11962 | D:12     | Identified the +8 falchion "Uvupt" {flame, rF+ rC++} (You
                  | found it on level 12 of the Dungeon)
 12031 | D:12     | Noticed a seven-headed hydra
 12048 | D:12     | HP: 2/106 [meliai/divine providence (15)]
 12048 | D:12     | Slain by a six-headed hydra

Levels and vault maps discovered:
D:1:      matt_arrival_spirals, layout_loops_corners, minmay_fountain_box
D:2:      layout_loops_corners, lemuel_coloured_pillars_altar
D:3:      layout_basic, overflow_temple_1_default, first_ration, uniq_natasha,
          uniq_jessica
D:4:      layout_loops_ring, grunt_ministairs_15
D:5:      cheibrodos_fertilizer, layout_cave_pools,
          nicolae_overflow_crystal_walls, lemuel_round_altar, led_sif_book,
          elyvilon_altar_3
D:6:      layout_loops_ring, minmay_temple_entry_large_hall,
          minmay_a_box_with_orc_wizards_in_it, uniq_menkaure
D:7:      layout_basic, grunt_temple_overflow_open, basic_altar, uniq_harold
D:8:      layout_loops_ring, nicolae_overflow_hidden_temple, the_bakery,
          uniq_gastronok, uniq_pikel
D:9:      layout_basic, nicolae_tso_swordbearing_angel, minmay_lair_entry_grove,
          serial_undead, serial_undead_a, serial_undead_f, serial_undead_d,
          serial_undead_e, fungi_pond_lemuel
D:10:     layout_cave_pools, kennysheep_orc_monster_closet_entryway
D:11:     layout_irregular_city, nicolae_qazlal_style_of_elements
D:12:     layout_small_grid, basic_altar
Temple:   kb_corrupted_temple

Skill      XL: |  1  2  3  4  5  6  7  8  9 10 11 12 |
---------------+-------------------------------------+-----
Armour         | 4 5 6 7 8 9 10 11 | 11.2
Fighting       | 4 5 6 7 8 9 10 | 10.1
Shields        | 4 5 6 7 9 11 13 14 | 14.1
Long Blades    | 3 4 5 7 9 10 12 13 14 | 14.4
Dodging        | 1 2 |  2.9
Stealth        | 1 |  1.1
Invocations    | 1 |  1.0

Action                   |  1- 3 |  4- 6 |  7- 9 | 10-12 || total
-------------------------+-------+-------+-------+-------++-------
Melee: Long sword        |    67 |    54 |   440 |   489 ||  1050
       Headbutt          |     8 |    10 |    83 |   210 ||   311
       Double sword      |       |       |       |   307 ||   307
       Falchion          |       |       |       |    24 ||    24
Invok: Heroism           |       |       |     3 |     4 ||     7
  Use: Potion            |     2 |     2 |     1 |     7 ||    12
       Scroll            |       |     2 |       |     5 ||     7
  Eat: Chunk             |       |     3 |     8 |    17 ||    28
       Ration            |       |       |     2 |     1 ||     3
Armor: Scale mail        |    27 |    18 |    16 |       ||    61
       Chain mail        |       |       |   107 |       ||   107
       Plate armour      |       |       |   102 |   413 ||   515
Dodge: Dodged            |    15 |    13 |   126 |   181 ||   335
Block: Shield            |    39 |    30 |   268 |   247 ||   584
       Large shield      |       |       |       |   561 ||   561
       Rpst.: Long sword |     5 |     1 |    32 |    26 ||    64
       Double sword      |       |       |       |    21 ||    21

Table legend:
 A = Non-vault XP
 B = Vault XP
 C = Vault XP percentage of total XP
 D = Non-vault monster count
 E = Vault monster count
 F = Vault count percentage of total count
                 A         B        C        D         E       F
            +---------+---------+-------+---------+---------+-------
      Total |   21951 |    9407 |  30.0 |     297 |      67 |  18.4
            +---------+---------+-------+---------+---------+-------
        D:1 |      63 |       0 |   0.0 |      21 |       0 |   0.0
        D:2 |     105 |       0 |   0.0 |      15 |       0 |   0.0
        D:3 |     261 |      72 |  21.6 |      25 |       2 |   7.4
        D:4 |     228 |      25 |   9.9 |      16 |       2 |  11.1
        D:5 |     734 |     919 |  55.6 |      15 |      17 |  53.1
        D:6 |     546 |     246 |  31.1 |       6 |       3 |  33.3
        D:7 |    2259 |     976 |  30.2 |      51 |       1 |   1.9
        D:8 |    1704 |    3448 |  66.9 |      27 |       7 |  20.6
        D:9 |    3691 |    2322 |  38.6 |      41 |      15 |  26.8
       D:10 |    5084 |    1399 |  21.6 |      34 |      20 |  37.0
       D:11 |    5658 |       0 |   0.0 |      38 |       0 |   0.0
       D:12 |    1618 |       0 |   0.0 |       8 |       0 |   0.0
            +---------+---------+-------+---------+---------+-------
